Map: Rhoskallian LE

Players

Massa

  • Race: Terran Terran
  • League: Platinum
  • Spawn Location: 5:00

qqq

  • Race: Zerg Zerg
  • League: Platinum
  • Spawn Location: 6:00

PaxGordon

  • Race: Protoss Protoss
  • League: Platinum
  • Spawn Location: 12:00

DerGerät

  • Race: Zerg Zerg
  • Spawn Location: 11:00

VOD

Have the link to the VOD?

Description

Time

  • Played on: Jan. 5, 2021, 4:44 p.m.
  • Length: 20:07
Show
View Real Time Build Order
Export as new Build Order

Massa Terran 

Build Orders:  

Get SALT Encoding   

  12  0:00  SCV  
  13  0:12  SCV  
  14  0:20  Supply Depot  
  14  0:24  SCV  
  15  0:41  SCV  
  16  0:43  Barracks  
  16  0:48  Refinery  
  16  0:53  SCV  
  17  1:01  Refinery  
  17  1:06  SCV  
  18  1:18  SCV  
  19  1:30  SCV, Marine  
  22  1:51  Orbital Command  
  21  1:58  Supply Depot  
  21  2:00  Barracks  
  21  2:02  Supply Depot  
  21  2:07  Marine  
  21  2:22  SCV  
  21  2:39  Factory  
  21  2:46  Supply Depot  
  21  2:52  Marine  
  21  2:53  Marine  
  19  3:25  Hellion  
  19  3:26  Marine  
  21  3:39  Marine  
  21  3:44  Marine  
  22  3:52  Supply Depot  
  22  3:56  Marine  
  22  4:01  Hellion  
  23  4:13  Marine  
  23  4:14  Marine  
  27  4:26  Factory Tech Lab  
  27  4:31  Marine  
  26  4:32  Marine  
  26  4:33  Engineering Bay  
  27  4:48  Widow Mine  
  27  4:49  Marine  
  30  5:04  Command Center  
  30  5:06  SCV  
  31  5:22  Supply Depot  
  31  5:34  Armory  
  31  5:42  Barracks Tech Lab  
  31  5:44  Widow Mine, SCV, Reaper  
  31  5:45  Supply Depot  
  31  5:47  Supply Depot  
  35  5:56  SCV  
  36  6:02  Stimpack  
  36  6:05  Widow Mine  
  36  6:08  SCV  
  39  6:20  SCV  
  39  6:22  Marine  
  39  6:23  Marine  
  34  6:40  Marine x2  
  36  6:56  Cyclone  
  36  6:58  Marine x2  
  41  7:12  SCV  
  41  7:13  SCV  
  43  7:16  Marine x2  
  45  7:25  SCV x2  
  47  7:37  SCV  
  48  7:41  Orbital Command  
  48  7:49  Barracks Reactor, SCV  
  49  7:52  Thor  
  49  7:56  Marauder  
  49  7:58  Combat Shield  
  57  8:01  SCV  
  58  8:13  SCV  
  58  8:17  Marine  
  60  8:25  SCV  
  61  8:35  Marine  
  61  8:37  SCV  
  55  9:02  Cyclone  
  55  9:03  Marine x3  
  55  9:08  SCV  
  59  9:15  Missile Turret  
  59  9:17  Refinery  
  59  9:19  Refinery  
  59  9:20  Marine, Command Center  
  59  9:21  Marine x2  
  59  9:22  Barracks  
  59  9:23  Barracks  
  62  9:28  Terran Infantry Weapons Level 1  
  62  9:33  Engineering Bay  
  62  9:36  Ghost Academy  
  62  9:38  Marine  
  62  9:39  Marine x2  
  62  9:40  Barracks  
  62  9:45  SCV x2  
  67  9:56  Marine  
  67  9:57  SCV x2  
  70  10:09  Drilling Claws, Supply Depot  
  70  10:10  Supply Depot  
  70  10:22  Personal Cloaking  
  70  10:24  Barracks Reactor, Barracks Tech Lab  
  70  10:30  SCV x2, Thor  
  70  10:31  Marine x3  
  70  10:33  Supply Depot  
  70  10:34  Supply Depot  
  81  10:38  Planetary Fortress  
  81  10:42  SCV x2  
  83  10:48  Ghost  
  83  10:58  Supply Depot  
  83  10:59  Supply Depot  
  83  11:00  Concussive Shells  
  83  11:01  Ghost  
  83  11:02  Marine  
  83  11:03  Marine x4  
  90  11:07  Terran Infantry Armor Level 1  
  90  11:17  Ghost  
  92  11:20  Marine x2  
  92  11:21  Marine x3  
  97  11:30  Marine  
  97  12:05  SCV  
  97  12:06  SCV x2  
  100  12:11  Marine  
  100  12:12  Marine x6  
  107  12:17  SCV  
  107  12:18  SCV x2  
  110  12:23  Terran Vehicle Weapons Level 1  
  110  12:29  Starport, Ghost x2, Marine x2, SCV  
  112  12:32  Starport, Enhanced Shockwaves  
  112  12:36  Refinery, SCV x2  
  119  12:38  Refinery  
  119  12:42  SCV  
  120  12:48  SCV x2  
  122  12:54  SCV  
  122  12:58  Ghost  
  123  13:00  SCV  
  123  13:01  SCV  
  127  13:06  SCV  
  127  13:08  Marine x5  
  127  13:11  Terran Infantry Armor Level 2, Terran Infantry Weapons Level 2  
  133  13:19  Supply Depot  
  133  13:20  Supply Depot  
  133  13:21  Supply Depot x2  
  133  13:22  Starport Tech Lab, Starport Reactor  
  133  13:25  Supply Depot  
  133  13:26  Supply Depot  
  133  13:40  Marine x6  
  133  13:41  SCV x2  
  141  13:42  SCV  
  141  13:45  Supply Depot  
  142  13:49  Widow Mine  
  142  13:53  SCV x2  
  142  13:54  SCV  
  147  14:05  SCV  
  148  14:10  Thor  
  148  14:14  Factory  
  148  14:16  Factory  
  154  14:19  Missile Turret  
  154  14:20  Command Center  
  154  14:39  Raven  
  154  14:40  Missile Turret  
  154  14:41  Medivac x2  
  154  14:45  Marine x3  
  162  14:46  Marine x2  
  162  14:51  Terran Vehicle Weapons Level 2  
  165  14:53  Thor  
  171  15:07  Thor  
  171  15:11  Medivac x2  
  175  15:22  Raven  
  175  15:27  Factory Tech Lab x2  
  132  16:14  Thor x3  
  132  16:16  Viking x3  
  132  16:18  Marine x3  
  150  16:19  Marine x4  
  150  16:24  SCV x3  
  156  16:36  SCV x3, Marine x7  
  163  16:46  Medivac, Viking x2  
  155  16:48  SCV x2  
  155  16:51  Planetary Fortress  
  155  16:54  Marine x7  
  157  16:57  Thor  
  115  17:12  Ghost  
  103  17:15  Marine  
  103  17:16  Medivac x2  
  103  17:17  Marine  
  103  17:18  Marine x4  
  119  17:27  SCV  
  96  17:33  Raven, Marine  
  82  17:37  Marine x5  
  82  17:39  SCV  
  82  17:41  Marine  
  90  17:46  Viking x2  
  85  17:51  SCV, Marine  
  85  17:55  Marine x5  
  89  17:58  Marine  
  89  18:03  SCV  
  91  18:09  Marine  
  92  18:12  Marine  
  92  18:13  Marine x4  
  92  18:15  SCV  
  92  18:16  Raven  
  74  18:27  SCV  
  74  18:30  Marine  
  74  18:31  Marine  
  77  18:39  SCV  
  76  18:44  Factory Tech Lab  
  63  18:51  SCV, Medivac x2  
  58  18:58  Banshee  
  58  18:59  Marine  
  49  19:08  Orbital Command  
  34  19:14  Siege Tank  
  34  19:16  Marine  
  38  19:24  Barracks  
  38  19:31  Barracks x2  
Show
View Real Time Build Order
Export as new Build Order

qqq Zerg 

Build Orders: Hatch First 

Get SALT Encoding   

  12  0:00  Drone  
  13  0:10  Drone  
  14  0:20  Overlord  
  14  0:45  Hatchery  
  13  0:54  Drone x2  
  13  0:55  Extractor  
  14  0:58  Drone  
  15  1:21  Spawning Pool  
  14  1:31  Drone  
  14  1:32  Drone  
  16  1:38  Drone  
  17  1:49  Drone  
  18  1:58  Drone  
  19  2:10  Spine Crawler, Zergling x2  
  19  2:16  Spine Crawler  
  19  2:18  Zergling x2  
  19  2:22  Zergling x2  
  20  2:30  Metabolic Boost  
  20  2:41  Queen  
  22  2:55  Drone x2  
  22  2:56  Drone, Zergling x2  
  26  2:59  Zergling x2  
  28  3:12  Zergling x2  
  28  3:22  Spine Crawler  
  24  3:44  Zergling x6  
  19  3:59  Drone  
  19  4:00  Drone x3  
  20  4:14  Zergling x2  
  20  4:15  Drone  
  21  4:27  Drone  
  21  4:30  Lair  
  23  4:31  Drone x2  
  23  4:33  Queen  
  26  4:40  Drone  
  26  4:41  Drone  
  26  4:44  Overlord  
  28  4:58  Overlord  
  28  5:03  Drone  
  28  5:04  Drone  
  31  5:21  Drone x2  
  31  5:22  Drone x4  
  31  5:28  Spire  
  35  5:32  Drone  
  35  5:33  Drone  
  37  5:40  Extractor  
  37  5:41  Drone x2, Extractor  
  37  5:42  Drone, Extractor  
  37  5:44  Drone x3  
  40  5:56  Drone  
  41  6:00  Overlord  
  41  6:01  Drone  
  42  6:05  Drone  
  42  6:17  Spore Crawler  
  25  6:24  Drone x3  
  21  6:40  Mutalisk x3  
  23  6:52  Queen  
  24  7:02  Drone  
  24  7:03  Drone  
  26  7:36  Drone x3  
  27  7:37  Mutalisk  
  27  7:38  Drone x2  
  31  7:48  Queen  
  31  7:50  Queen  
  35  7:52  Drone  
  36  8:15  Drone x2  
  36  8:16  Mutalisk  
  36  8:17  Drone x2  
  42  8:21  Drone  
  43  8:45  Overlord x2  
  43  8:47  Drone  
  44  9:18  Mutalisk x2  
  44  9:20  Drone x3  
  44  9:21  Drone  
  52  9:39  Drone  
  53  9:46  Mutalisk  
  53  9:48  Mutalisk  
  53  9:49  Drone  
  53  9:51  Hatchery  
  57  10:00  Mutalisk  
  57  10:02  Drone  
  60  10:17  Overlord x3  
  60  10:18  Overlord x2  
  60  10:36  Mutalisk x3  
  60  10:37  Mutalisk  
  60  10:42  Hatchery  
  67  10:48  Drone x5  
  67  10:49  Drone  
  72  10:51  Corruptor  
  72  10:55  Zerg Flyer Weapons Level 1  
  74  11:03  Corruptor  
  76  11:04  Overlord  
  74  11:33  Mutalisk, Corruptor x2  
  74  11:35  Drone x5  
  74  11:36  Drone x2  
  81  11:55  Infestation Pit  
  81  11:57  Drone  
  81  11:58  Drone x4  
  81  12:00  Mutalisk  
  87  12:10  Drone x2  
  87  12:11  Drone x2  
  87  12:12  Corruptor  
  89  12:38  Mutalisk  
  89  12:39  Mutalisk x2  
  95  12:49  Zerg Flyer Armor Level 1  
  93  12:55  Spore Crawler  
  93  12:56  Queen  
  93  12:57  Drone x7, Spore Crawler  
  93  12:58  Drone x2  
  102  13:00  Extractor  
  102  13:01  Mutalisk  
  102  13:02  Extractor  
  102  13:17  Spore Crawler  
  102  13:18  Spore Crawler x2, Hive  
  102  13:19  Spore Crawler  
  98  13:23  Mutalisk  
  98  13:25  Mutalisk  
  98  13:26  Mutalisk  
  104  13:29  Hatchery  
  104  13:31  Queen  
  105  13:35  Mutalisk  
  105  13:50  Hatchery  
  105  13:51  Mutalisk  
  106  13:57  Drone x2  
  106  13:58  Drone x4  
  106  13:59  Overlord x5  
  106  14:18  Mutalisk x3  
  106  14:23  Drone x2  
  106  14:24  Drone x2  
  114  14:29  Mutalisk  
  116  14:36  Drone x2  
  116  14:38  Overseer  
  118  14:41  Drone  
  118  14:43  Extractor, Zerg Flyer Weapons Level 2  
  118  14:44  Extractor  
  117  14:47  Drone x2  
  117  15:12  Corruptor x5  
  124  15:14  Drone x6  
  124  15:15  Drone x5  
  124  15:19  Queen  
  136  15:30  Spire  
  135  15:36  Spore Crawler  
  135  15:38  Spore Crawler  
  135  15:41  Viper x2  
  139  15:43  Drone  
  139  15:44  Drone x5, Corruptor  
  139  15:45  Overlord x4  
  147  15:55  Viper  
  128  16:17  Corruptor x5  
  126  16:25  Spore Crawler  
  125  16:26  Spine Crawler  
  125  16:28  Spine Crawler  
  125  16:29  Spine Crawler  
  125  16:31  Drone x4, Spine Crawler, Extractor  
  125  16:32  Drone  
  123  16:34  Extractor  
  123  16:35  Corruptor  
  123  16:36  Corruptor x3  
  127  16:43  Spore Crawler  
  127  16:44  Spore Crawler  
  127  16:46  Spore Crawler  
  121  16:57  Viper  
  121  16:58  Corruptor x3  
  128  17:16  Corruptor x2  
  128  17:17  Corruptor x2  
  128  17:21  Drone x2  
  128  17:22  Drone x2  
  101  17:53  Drone x5  
  101  17:54  Drone  
  100  18:01  Mutalisk x4  
  66  18:38  Drone x6  
  69  18:44  Corruptor x3  
  75  18:53  Viper  
  75  18:54  Corruptor  
  80  18:59  Queen  
  82  19:07  Mutalisk x2  
  82  19:09  Hatchery  
  83  19:18  Hatchery  
  83  19:21  Corruptor x3  
  83  19:22  Corruptor  
  83  19:23  Corruptor x3  
  90  19:33  Mutalisk  
Show
View Real Time Build Order
Export as new Build Order

PaxGordon Protoss 

Build Orders: Carriers 

Get SALT Encoding   

  12  0:02  Probe  
  13  0:14  Probe  
  14  0:24  Pylon  
  14  0:26  Probe  
  15  0:42  Probe  
  16  0:43  Forge  
  16  0:54  Probe  
  17  0:58  Assimilator  
  17  1:02  Assimilator  
  17  1:06  Probe  
  17  1:10  Gateway  
  18  1:20  Probe (Chrono Boost)  
  19  1:29  Probe (Chrono Boost)  
  19  1:30  Pylon  
  19  1:54  Pylon  
  19  2:17  Photon Cannon  
  19  2:19  Photon Cannon  
  19  2:21  Photon Cannon  
  19  2:23  Photon Cannon  
  19  2:27  Probe (Chrono Boost)  
  20  2:39  Probe (Chrono Boost)  
  21  2:45  Pylon  
  21  2:47  Probe (Chrono Boost)  
  22  2:52  Cybernetics Core  
  22  2:54  Probe  
  23  3:38  Stargate  
  23  3:39  Stargate  
  23  3:40  Stargate  
  23  3:42  Pylon  
  23  3:47  Pylon  
  23  3:52  Probe  
  24  4:04  Probe  
  25  4:30  Nexus  
  25  4:32  Oracle (Chrono Boost), Assimilator  
  25  4:36  Oracle x2 (Chrono Boost), Assimilator  
  34  5:02  Oracle  
  34  5:06  Oracle x2  
  43  5:32  Probe  
  44  5:38  Void Ray  
  44  5:39  Void Ray  
  44  5:44  Probe  
  53  5:56  Probe  
  54  6:08  Probe  
  52  6:53  Void Ray x2  
  60  7:13  Void Ray  
  56  7:31  Void Ray  
  45  7:47  Probe x2  
  45  7:50  Void Ray  
  51  7:59  Probe x2  
  50  8:11  Probe x2  
  52  8:23  Probe x2, Pylon  
  54  8:35  Probe x2  
  55  8:47  Probe x2  
  57  8:55  Void Ray x3  
  53  8:59  Probe x2  
  61  9:08  Photon Cannon  
  60  9:11  Probe x2  
  59  9:22  Fleet Beacon  
  59  9:23  Probe x2  
  61  9:35  Probe  
  61  9:36  Probe  
  63  9:43  Fleet Beacon  
  63  9:48  Probe x2  
  64  10:04  Flux Vanes  
  64  10:12  Void Ray  
  68  10:25  Probe  
  69  10:40  Pylon  
  69  10:42  Pylon  
  69  10:44  Pylon  
  69  10:49  Pylon  
  68  10:54  Void Ray x2  
  68  10:58  Probe  
  68  11:02  Carrier  
  83  11:05  Photon Cannon  
  83  11:08  Photon Cannon  
  83  11:17  Photon Cannon  
  80  11:39  Carrier x2  
  92  11:58  Probe x2  
  94  12:10  Protoss Shields Level 1 (Chrono Boost)  
  94  12:23  Pylon  
  94  12:26  Pylon, Protoss Air Weapons Level 1  
  94  12:29  Pylon  
  94  12:41  Probe x2  
  102  12:58  Carrier  
  102  12:59  Carrier  
  108  13:16  Photon Cannon  
  108  13:19  Photon Cannon  
  99  13:51  Carrier  
  105  13:58  Probe (Chrono Boost)  
  112  14:03  Carrier  
  112  14:08  Probe (Chrono Boost)  
  112  14:13  Probe (Chrono Boost)  
  113  14:25  Probe  
  113  14:30  Shield Battery  
  114  14:32  Pylon  
  114  14:50  Carrier  
  120  14:53  Pylon  
  120  14:55  Pylon  
  120  14:57  Pylon  
  115  15:13  Protoss Air Weapons Level 2 (Chrono Boost)  
  115  15:45  Carrier  
  65  18:40  Carrier x2  
  65  18:41  Carrier  
Show
View Real Time Build Order
Export as new Build Order

DerGerät Zerg 

Build Orders: Pool First, Lurkers 

Get SALT Encoding   

  12  0:01  Drone  
  13  0:26  Spawning Pool  
  13  0:27  Drone  
  13  0:30  Drone  
  14  0:40  Extractor, Drone  
  14  0:46  Overlord  
  14  1:13  Zergling x4  
  14  1:14  Queen, Zergling x2  
  19  1:25  Zergling x2  
  20  1:36  Zergling x2  
  21  1:46  Metabolic Boost  
  21  1:48  Zergling x2  
  22  1:59  Overlord  
  22  2:28  Zergling x10  
  26  3:10  Drone x3  
  28  3:52  Drone  
  20  4:23  Lair  
  20  4:29  Extractor  
  19  4:38  Hatchery  
  18  4:43  Drone x2  
  18  4:44  Drone  
  21  5:00  Drone x4  
  25  5:19  Evolution Chamber  
  24  5:26  Hydralisk Den  
  23  5:30  Evolution Chamber  
  22  5:40  Baneling Nest  
  21  5:52  Zerg Missile Weapons Level 1  
  21  5:53  Drone  
  21  5:54  Queen  
  24  6:04  Zerg Ground Armor Level 1  
  24  6:06  Drone  
  25  6:37  Lurker Den  
  25  6:39  Extractor  
  23  6:40  Drone x3  
  26  7:00  Hatchery  
  25  7:08  Extractor  
  24  7:10  Drone x2  
  24  7:11  Drone x3  
  24  7:13  Hydralisk x3  
  35  7:26  Muscular Augments  
  35  7:38  Drone  
  36  7:50  Extractor  
  35  7:52  Extractor  
  35  7:55  Infestation Pit  
  33  8:01  Lurker x2  
  35  8:14  Spore Crawler  
  35  8:17  Spore Crawler  
  33  8:23  Drone  
  34  8:28  Spore Crawler  
  34  8:33  Drone  
  34  8:37  Grooved Spines  
  34  8:53  Overlord x2  
  34  9:27  Drone  
  34  9:30  Spore Crawler x2  
  34  9:31  Spore Crawler  
  32  9:39  Spore Crawler  
  32  9:40  Drone x5  
  32  9:41  Drone x2  
  38  9:45  Drone  
  38  9:52  Drone  
  40  10:13  Spore Crawler  
  39  10:14  Lurker  
  39  10:18  Overseer  
  40  10:21  Overseer  
  40  10:22  Overseer  
  40  10:31  Hydralisk x2  
  40  10:32  Hydralisk  
  46  11:02  Hydralisk x2  
  50  11:04  Overlord x2  
  45  11:33  Hydralisk  
  45  11:34  Overlord x2  
  45  11:35  Overlord  
  33  11:53  Lurker  
  36  11:54  Lurker x2  
  36  12:00  Drone  
  36  12:01  Drone  
  38  12:28  Hive  
  38  12:35  Drone  
  39  12:47  Drone  
  39  12:48  Drone x2  
  42  13:14  Hydralisk x2  
  42  13:18  Drone  
  47  13:20  Drone  
  47  13:22  Drone  
  49  14:01  Hydralisk x2  
  49  14:02  Hydralisk x2  
  57  14:04  Spore Crawler  
  57  14:05  Spore Crawler  
  51  14:23  Lurker  
  51  14:24  Spore Crawler  
  51  14:26  Adaptive Talons  
  51  14:43  Drone  
  51  14:44  Drone x3  
  55  14:52  Zerg Missile Weapons Level 2  
  55  15:23  Seismic Spines  
  55  15:26  Lurker  
  55  15:27  Lurker x3  
  59  15:30  Drone x5  
  59  15:31  Drone  
  62  15:45  Zergling x12  
  68  15:51  Overlord x2  
  68  16:31  Zergling x2  
  68  16:32  Zergling x6  
  66  17:00  Hydralisk x2  
  66  17:01  Hydralisk x3  
  66  17:26  Hydralisk  
  66  17:27  Hydralisk  
  66  17:28  Hydralisk x3  
  67  18:25  Overlord x3  
  62  18:45  Overseer x3  
  62  18:46  Overlord  
  62  18:47  Overlord  
  62  18:48  Overlord x2  
Tags
 
Add a new tag
Caveats
  • Supply blocks, unpowered buildings, or Contaminate may cause inaccurate times.
  • Supply counts are checked every 10 seconds.